AoeStats
← danjo

Marketplace

504848153Analyzed
1v1 RM · 27d ago on Sep 6, 2026· 44m 43s· 2 players
Game mode
Random Map
Map size
Tiny (2 player)
Population
200
Speed
Normal
Resources
Standard
Victory
Conquest
Starting age
Dark Age
Ending age
Imperial Age
RankedLock teamsTeams togetherTeam positionsShared explorationLock speedFull tech treeHidden civsTurbo modeCheats
Victory
Defeat
🇦🇷 Magyars · Argentina
1005
+17
🇩🇪 Malians · Germany
1035
-17
Figurado4052
7:31 Loom
11:25 Feudal Age
12:22 Double-Bit Axe
12:18 Horse Collar
19:42 Wheelbarrow
20:15 Gold Mining
20:18 Fletching
20:28 Padded Archer Armor
24:00 Castle Age
23:04 Padded Archer Armor
24:15 Bloodlines
25:10 Bow Saw
25:38 Ballistics
25:50 Bodkin Arrow
29:46 Leather Archer Armor
31:54 Gold Shaft Mining
32:22 Husbandry
33:39 Scale Barding Armor
35:58 Stone Mining
36:58 Chain Barding Armor
39:28 Imperial Age
38:59 Light Cavalry
41:06 Conscription
40:47 Corvinian Army
42:47 Hussar
danjo
11:11 Feudal Age
15:49 Castle Age
17:01 Loom
27:57 Elite Skirmisher
28:49 Scale Mail Armor
30:03 Padded Archer Armor
30:14 Forging
30:28 Fletching
33:04 Leather Archer Armor
37:50 Double-Bit Axe
41:44 Imperial Age
40:07 Husbandry
41:13 Scale Barding Armor
44:06 Thumb Ring
Connection lost

Rejoining the realm…

Still unreachable

The connection could not be restored.

Session expired

The server has moved on; the page needs a fresh start.